 Dungeon Crawl Stone Soup version 0.30.0-29-ga12c61a403 (webtiles) character file.

Game seed: 8868367534982274696

1855 monsoonserge the Merchant of Misery (level 8, 0/61 HPs)
             Began as a Demonspawn Monk on June 16, 2023.
             Was a Believer of Kikubaaqudgha.
             Slain by a gnoll sergeant
             ... wielding a +0 spear
              (7 damage)
             ... on level 7 of the Dungeon on June 17, 2023.
             The game lasted 00:28:38 (6779 turns).

monsoonserge the Merchant of Misery (DsMo)          Turns: 6779, Time: 00:28:38

Health: 0/61       AC:  5    Str: 16    XL:     8   Next: 89%
Magic:  11/11      EV: 13    Int: 21    God:    Kikubaaqudgha [**....]
Gold:   25         SH: 17    Dex: 15    Spells: 3/11 levels left

rFire   . . .        E - +8 war axe of Uskayaw, Hurtling {flame, Str+5}
rCold   . . .        f - +0 buckler
rNeg    . . .        l - +0 leather armour
rPois   .            x - +1 hat
rElec   .            (no cloak)
rCorr   .            k - +0 pair of gloves
SInv    .            (no boots)
Will    .....        c - amulet of reflection
Stlth   +            p - +6 ring of intelligence
HPRegen 0.30/turn    (no ring)
MPRegen 0.24/turn

%: reflection
@: no status effects
A: large bone plates 1, magic regeneration, condensation shield
a: Renounce Religion, Unearth Wretches


You were on level 7 of the Dungeon.
You worshipped Kikubaaqudgha.
Kikubaaqudgha was pleased with you.
You visited 2 branches of the dungeon, and saw 8 of its levels.

You collected 313 gold pieces.
You spent 288 gold pieces at shops.

Inventory:

Hand Weapons
 E - the +8 war axe of Uskayaw, Hurtling (weapon) {flame, Str+5}
   (You found it on level 6 of the Dungeon)

   Str:       It affects your strength (+5).
Missiles
 d - a curare-tipped dart
 t - 7 boomerangs (quivered)
 u - 19 poisoned darts
 w - 2 throwing nets
Armour
 b - a +0 robe
 f - a +0 buckler (worn)
 j - a +0 ring mail
 k - a +0 pair of gloves (worn)
 l - a +0 leather armour (worn)
 x - a +1 hat (worn)
Jewellery
 c - an amulet of reflection (around neck)
 p - a +6 ring of intelligence (left hand)
 H - a ring of protection from cold
Wands
 F - a wand of light (7)
Scrolls
 m - 6 scrolls of identify {unknown}
 n - 4 scrolls of poison {unknown}
 o - 4 scrolls of teleportation {unknown}
 q - 2 scrolls of immolation {unknown}
 r - a scroll of enchant armour {unknown}
 s - a scroll of magic mapping {unknown}
 v - a scroll of noise {unknown}
 y - a scroll of acquirement {unknown}
 A - a scroll of vulnerability {unknown}
 C - a scroll of fog {unknown}
Potions
 a - 2 potions of magic
 e - 3 potions of heal wounds
 g - a potion of brilliance {unknown}
 h - 6 potions of curing
 i - a potion of degeneration {unknown}
 z - 2 potions of haste
 B - 3 potions of lignification
 D - a potion of might {unknown}
 G - a potion of berserk rage


   Skills:
 + Level 4.3 Fighting
 - Level 3.6(4.2) Short Blades
 - Level 3.2(4.0) Long Blades
 + Level 1.2 Axes
 + Level 2.3 Throwing
 * Level 2.9 Armour
 + Level 4.3 Dodging
 * Level 1.0 Shields
 - Level 2.0 Spellcasting
 + Level 7.7 Necromancy
 - Level 1.0 Evocations


You had 3 spell levels left.
You knew the following spells:

 Your Spells              Type           Power      Damage    Failure   Level
a - Necrotise             Necr           100%       1d9       1%          1
b - Vampiric Draining     Necr           34%        2d8       3%          3
c - Animate Dead          Necr           34%        N/A       10%         4

Your spell library contained the following spells:

 Spells                   Type           Power      Damage    Failure   Level
 Kiss of Death            Conj/Necr      72%        2d10      4%          1
 Cigotuvi's Dreadful Rot  Necr/Pois/Air  24%        N/A       12%         2
 Foxfire                  Conj/Fire      8%         2x1d4     24%         1
 Freeze                   Ice            8%         1d3       24%         1
 Slow                     Hex            8%         N/A       24%         1
 Confusing Touch          Hex            2%         N/A       56%         3
 Frozen Ramparts          Ice            4%         1d1       56%         3
 Hailstorm                Conj/Ice       2%         3d3       56%         3
 Dispel Undead            Necr           34%        3d15      10%         4
 Agony                    Necr           34%        N/A       26%         5
 Death Channel            Necr           17%        N/A       83%         6
 Fireball                 Conj/Fire      1%         3d3       100%        5
 Plasma Beam              Fire/Air       1%         2x1d12    100%        6
 Starburst                Conj/Fire      1%         6d3       100%        6


Dungeon Overview and Level Annotations

Branches:
Dungeon (7/15)             Temple (1/1) D:6

Altars:
Cheibriados
Dithmenos
Fedhas
Gozag
Hepliaklqana
Kikubaaqudgha
Makhleb
Okawaru
Ru
Trog
Uskayaw
Vehumet
Wu Jian
Xom
Yredelemnul

Shops:
D:5 *   D:7 !


Innate Abilities, Weirdness & Mutations

You are partially covered in large bone plates. (SH +4)
You regenerate magic rapidly.
A meltable shield of frost defends you. (SH +4)


Message History

Kikubaaqudgha accepts your kill.
The gnoll sergeant hits you from afar with a +0 spear!
You hit the gnoll but do no damage.
Your orc priest zombie hits the gnoll but does no damage.
You block the gnoll's attack. You block the gnoll sergeant's attack.
You hit the gnoll. You burn the gnoll.
The gnoll is moderately wounded.
You block the gnoll's attack. x2
The gnoll sergeant hits you from afar with a +0 spear.
Your orc priest zombie barely misses the gnoll.
The gnoll sergeant hits you from afar with a +0 spear!
The gnoll barely misses you. The gnoll misses you.
The gnoll closely misses you.
You closely miss the gnoll.
The gnoll is moderately wounded.
Your sky beast zombie hits the gnoll but does no damage.
You block the gnoll's attack. x2
The gnoll hits you with a +4 flail of protection!
You block the gnoll sergeant's attack.
Your orc priest zombie hits the gnoll.
Unknown command.
You barely miss the gnoll.
The gnoll is moderately wounded.
Your sky beast zombie hits the gnoll but does no damage.
You block the gnoll's attack. x2; The gnoll completely misses you.
The gnoll sergeant hits you from afar with a +0 spear.
Your orc priest zombie barely misses the gnoll.
Your sky beast zombie hits the gnoll but does no damage.
You block the gnoll's attack.
The gnoll throws a throwing net.
The throwing net hits your orc priest zombie.
Your orc priest zombie is caught in the net!
The gnoll hits you with a +4 flail of protection!
* * * LOW HITPOINT WARNING * * *
The gnoll sergeant hits you from afar with a +0 spear!
* * * LOW HITPOINT WARNING * * *
You swap places.
Your orc priest zombie struggles against the net.
You block the gnoll's attack. x2
The gnoll sergeant hits you from afar with a +0 spear!
You die...
Kikubaaqudgha rasps: "You have failed me!
Welcome... death!"

#. ####.... ...
.#....## #...
......# ##..##.....
#....#....
......ggg###
......ZZZ#Z##
......g.@...#
...........##
##.........#
#..........# #
........#..##.##
.#.....###..#..#
.........##....#
#.........#.##.#####
...........##......#


You could see a gnoll sergeant (ally target), 3 gnolls, a friendly sky beast
zombie, a friendly kobold zombie, a friendly orc zombie and a friendly orc
priest zombie (caught).

Vanquished Creatures
  A water moccasin (D:6)
  A sky beast (D:7)
  3 ice beasts
  An ogre (D:7)
  A phantom (D:4)
  A kobold brigand (D:7)
  2 bullfrogs (D:6)
  5 scorpions
  A howler monkey (D:5)
  A hound (D:4)
  2 orc priests
  2 jellies
  A sleepcap (D:6)
  8 iguanas
  3 orc wizards
  12 gnolls
  3 adders
  2 shadow imps
  A white imp (D:6)
  An ufetubus (D:5)
  2 worms
  13 orcs
  3 endoplasms
  7 goblins
  9 hobgoblins
  7 kobolds
  5 quokkas
  7 ball pythons
  2 bats
  6 frilled lizards
  7 rats
120 creatures vanquished.

Vanquished Creatures (collateral kills)
  A ball python (D:3)
1 creature vanquished.

Vanquished Creatures (others)
  3 kobold zombies (D:7)
  An orc zombie (D:7)
4 creatures vanquished.

Grand Total: 125 creatures vanquished

Notes
Turn   | Place    | Note
-------+----------+-------------------------------------------
     0 | D:1      | monsoonserge the Demonspawn Monk began the quest for the
                  | Orb.
     0 | D:1      | Reached XP level 1. HP: 18/18 MP: 1/1
   113 | D:1      | Gained mutation: You regenerate magic rapidly. [demonic
                  | ancestry]
   113 | D:1      | Reached XP level 2. HP: 21/24 MP: 2/2
   635 | D:2      | Learned a level 1 spell: Necrotise
   666 | D:2      | Reached XP level 3. HP: 25/29 MP: 3/3
  1021 | D:2      | Reached skill level 1 in Short Blades
  1558 | D:3      | Reached XP level 4. HP: 28/35 MP: 1/4
  1565 | D:3      | Reached skill level 1 in Necromancy
  1569 | D:3      | Learned a level 3 spell: Vampiric Draining
  1643 | D:3      | Reached skill level 1 in Spellcasting
  1959 | D:3      | Reached skill level 2 in Necromancy
  2341 | D:4      | Gained mutation: You are partially covered in large bone
                  | plates. (SH +4) [demonic ancestry]
  2341 | D:4      | Reached XP level 5. HP: 19/41 MP: 2/6
  2473 | D:4      | Reached skill level 3 in Necromancy
  2943 | D:3      | Reached skill level 1 in Throwing
  3113 | D:4      | Reached XP level 6. HP: 24/47 MP: 7/7
  3299 | D:4      | Reached skill level 4 in Necromancy
  3383 | D:4      | Found a blossoming altar of Fedhas.
  3384 | D:4      | Found a bloodstained altar of Trog.
  3879 | D:5      | Entered Level 5 of the Dungeon
  3937 | D:4      | Reached skill level 5 in Necromancy
  3937 | D:4      | Reached XP level 7. HP: 15/52 MP: 0/8
  4558 | D:5      | Found Neanguipp's General Store.
  4712 | D:4      | Reached skill level 6 in Necromancy
  5323 | D:6      | Reached skill level 1 in Armour
  5323 | D:6      | Gained mutation: A meltable shield of frost defends you.
                  | (SH +4) [demonic ancestry]
  5323 | D:6      | Reached XP level 8. HP: 49/60 MP: 8/10
  5672 | D:6      | Reached skill level 7 in Necromancy
  5722 | D:6      | Found a staircase to the Ecumenical Temple.
  5751 | Temple   | Entered the Ecumenical Temple
  5827 | Temple   | Became a worshipper of Kikubaaqudgha
  5827 | Temple   | Reached * piety under Kikubaaqudgha
  5827 | Temple   | Received a gift from Kikubaaqudgha
  5827 | Temple   | Reached ** piety under Kikubaaqudgha
  5833 | Temple   | Learned a level 4 spell: Animate Dead
  6136 | D:6      | Identified the +8 war axe of Uskayaw, Hurtling {flame,
                  | Str+5}
  6508 | D:7      | Reached skill level 1 in Axes
  6690 | D:7      | Found Xenudd's Distillery.
  6701 | D:7      | Bought a potion of lignification for 36 gold pieces
  6701 | D:7      | Bought a potion of heal wounds for 60 gold pieces
  6701 | D:7      | Bought a potion of berserk rage for 60 gold pieces
  6701 | D:7      | Bought a potion of curing for 36 gold pieces
  6701 | D:7      | Bought a potion of magic for 96 gold pieces
  6734 | D:7      | Reached skill level 1 in Shields
  6734 | D:7      | Reached skill level 1 in Evocations
  6779 | D:7      | Slain by a gnoll sergeant

Illustrated notes

Levels and vault maps discovered:
D:1:      scummos_arrival_simple_fountains, layout_basic
D:2:      layout_basic
D:3:      layout_loops_ring, corexii_corridor_pit, serial_bayou_lagoon_b
D:4:      layout_basic, jmf_multi_god_temple
D:5:      layout_loops_ring, serial_shops, shop
D:6:      layout_gridville, minmay_temple_entry_offerings
D:7:      layout_cave_pools, serial_shops, nicolae_shop_crystal,
          guppyfry_shop_venom
Temple:   nicolae_temple_bog_church

Skill      XL: |  1  2  3  4  5  6  7  8 |
---------------+-------------------------+-----
Long Blades    | 3 |  3.2
Dodging        | 3 4 |  4.3
Short Blades   | 1 2 3 |  3.6
Necromancy     | 2 3 5 6 7 |  7.7
Spellcasting   | 1 2 |  2.0
Throwing       | 1 2 |  2.3
Armour         | 1 2 |  2.9
Fighting       | 4 |  4.3
Axes           | 1 |  1.2
Shields        | 1 |  1.0
Evocations     | 1 |  1.0

Action                     |  1- 3 |  4- 6 |  7- 9 || total
---------------------------+-------+-------+-------++-------
  Melee: Falchion          |    15 |       |       ||    15
         Dagger            |    88 |   172 |   211 ||   471
         War axe           |       |       |    48 ||    48
  Throw: Dart              |       |    23 |       ||    23
         Boomerang         |       |    11 |    11 ||    22
   Cast: Necrotise         |    21 |    38 |    30 ||    89
         Vampiric Draining |       |     9 |    11 ||    20
         Animate Dead      |       |       |     3 ||     3
    Use: Potion            |       |     1 |       ||     1
   Stab: Distracted        |       |       |     1 ||     1
 Armour: Robe              |    11 |    21 |     7 ||    39
         Leather armour    |       |       |    19 ||    19
  Dodge: Dodged            |    40 |    95 |    61 ||   196
  Block: Orb               |       |    20 |    52 ||    72
         Buckler           |       |       |    37 ||    37
         Reflection        |       |       |     1 ||     1
